 Dungeon Sprint DCSS version 0.21.2 (webtiles) character file.

33 Fang the Skirmisher (level 3, -1/26 HPs)
             Began as a Gargoyle Berserker on Sept 27, 2018.
             Was a Priest of Trog.
             Slain by a crimson imp (3 damage)
             ... in the Dungeon (Sprint VII: "The Pits").
             The game lasted 00:00:36 (411 turns).

Fang the Skirmisher (Gargoyle Berserker)             Turns: 411, Time: 00:00:37

Health: -1/26      AC:  5    Str: 21    XL:     3   Next: 29%
Magic:  3/3        EV: 12    Int:  7    God:    Trog [***...]
Gold:   0          SH:  0    Dex:  9    Spells: 2/2 levels left

rFire    . . .     SeeInvis .   j - +2 hand axe
rCold    . . .     Gourm    .   (no shield)
rNeg     + . .     Faith    .   b - +0 animal skin
rPois    ∞         Spirit   .   (no helmet)
rElec    +         Reflect  .   (no cloak)
rCorr    .         Harm     .   (no gloves)
MR       .....     NoTele   +   (no boots)
Stlth    +.........             (no amulet)
HPRegen  0.08/turn              (no ring)
MPRegen  0.08/turn              (no ring)

@: no status effects
A: negative energy resistance 1, electricity resistance, unbreathing,
petrification resistance, rot immunity, AC +3
a: Berserk, Trog's Hand, Burn Spellbooks, Renounce Religion


You were in the Dungeon.
You worshipped Trog.
Trog was most pleased with you.
You were not hungry.

You visited 1 branch

Inventory:

Hand Weapons
 j - a +2 hand axe (weapon)
Armour
 b - a +0 animal skin (worn)
Scrolls
 i - a scroll of blinking
 k - 3 scrolls of remove curse
 l - a scroll of summoning
Potions
 a - 2 potions of invisibility
 d - a potion of curing
 e - a potion of heal wounds
 f - a potion of haste
 g - 4 potions of magic
 h - 3 potions of berserk rage
Comestibles
 c - 9 rations


   Skills:
 + Level 5.2 Fighting
 + Level 4.5 Axes
 + Level 2.9 Armour
 + Level 2.4 Dodging


You had 2 spell levels left.
You didn't know any spells.

Dungeon Overview and Level Annotations

Branches:
Dungeon (1/1)

Altars:
Cheibriados
Dithmenos
Elyvilon
Fedhas
Gozag
Hepliaklqana
Makhleb
Nemelex Xobeh
Okawaru
Qazlal
Ru
Sif Muna
Trog
Vehumet
Wu Jian
Xom
Yredelemnul
Zin
The Shining One
Beogh
Jiyva
Lugonu


Innate Abilities, Weirdness & Mutations

You are resistant to torment.
Your stone body is resilient. (AC +3)
You are immune to poison.
You resist negative energy. (rN+)
You are resistant to electric shocks. (rElec)
You can survive without breathing.
You are immune to petrification.
You are immune to rotting.


Message History

The crimson imp is severely wounded.
The crimson imp closely misses you.
You hit the crimson imp.
The crimson imp is severely wounded.
The crimson imp hits you but does no damage.
You hit the crimson imp.
The crimson imp is almost dead.
The crimson imp hits you.
* * * LOW HITPOINT WARNING * * *
You barely miss the crimson imp.
The crimson imp is severely wounded.
The crimson imp hits you.
* * * LOW HITPOINT WARNING * * *
You completely miss the crimson imp.
The crimson imp is severely wounded.
The crimson imp hits you but does no damage.
You hit the crimson imp but do no damage.
The crimson imp is severely wounded.
The crimson imp hits you.
You die...

##########.##...........
#...........'...........
#+#####'#####......#..#.
#.....##...........
#####'#####'#####++
#.....##.......#
#.....##.......#
###'####.......#
##+#..@..##...<...#
#.....5..##.......#
#........##.......#
###########.......#
#########


You could see a crimson imp.

Vanquished Creatures
  A gnoll (D)
  An adder (D)
  An ufetubus (D)
  An ooze (D)
  A giant cockroach (D)
  A hobgoblin (D)
  A ball python (D)
  A frilled lizard (D)
8 creatures vanquished.

Notes
Turn   | Place    | Note
-------+----------+-------------------------------------------
     0 | D        | Fang the Gargoyle Berserker began the quest for the Orb.
     0 | D        | Reached XP level 1. HP: 14/14 MP: 1/1
    18 | D        | HP: 1/21 [ufetubus (2)]
    19 | D        | Reached skill level 4 in Fighting
   269 | D        | Found a bloodstained altar of Trog.
   269 | D        | Found a deep blue altar of Sif Muna.
   269 | D        | Found a viscous altar of Jiyva.
   269 | D        | Found a hazy altar of Hepliaklqana.
   269 | D        | Found an opulent altar of Gozag.
   270 | D        | Found a glowing golden altar of the Shining One.
   270 | D        | Found a glowing silver altar of Zin.
   270 | D        | Found a basalt altar of Yredelemnul.
   270 | D        | Found a shimmering altar of Xom.
   270 | D        | Found an ornate altar of the Wu Jian Council.
   270 | D        | Found a sacrificial altar of Ru.
   270 | D        | Found a stormy altar of Qazlal.
   270 | D        | Found an iron altar of Okawaru.
   270 | D        | Found a sparkling altar of Nemelex Xobeh.
   270 | D        | Found a burning altar of Makhleb.
   270 | D        | Found a blossoming altar of Fedhas.
   270 | D        | Found a white marble altar of Elyvilon.
   270 | D        | Found a shadowy altar of Dithmenos.
   270 | D        | Found a snail-covered altar of Cheibriados.
   272 | D        | Found a radiant altar of Vehumet.
   272 | D        | Found a corrupted altar of Lugonu.
   272 | D        | Found a roughly hewn altar of Beogh.
   318 | D        | Reached ** piety under Trog
   318 | D        | Reached XP level 2. HP: 18/20 MP: 2/2
   367 | D        | Noticed a crimson imp
   374 | D        | Reached *** piety under Trog
   374 | D        | Reached skill level 5 in Fighting
   374 | D        | Reached XP level 3. HP: 16/26 MP: 3/3
   411 | D        | Slain by a crimson imp

Skill      XL: |  1  2 |
---------------+-------+-----
Fighting       | 4 5 |  5.2
Axes           | 3 4 |  4.5
Dodging        | 2 |  2.4
Armour         | |  2.9

Action                   || total
-------------------------++-------
Melee: Hand axe          ||    43
Invok: Berserk           ||     1
Armor: Animal skin       ||    21
Dodge: Dodged            ||    33
